 Dungeon Crawl Stone Soup version 0.26-a0-639-g72c4674329 (webtiles) character file.

Game seed: 17043684346730591383

14 MrRokkomies the Sneak (level 2, 0/25 HPs)
             Began as a Demigod Delver on Sept 16, 2020.
             Killed from afar by a white imp (13 damage)
             ... with a puff of frost
             ... on level 6 of the Dungeon.
             The game lasted 00:00:37 (296 turns).

MrRokkomies the Sneak (Demigod Delver)               Turns: 296, Time: 00:00:37

Health: 0/25       AC:  3    Str: 15    XL:     2   Next: 15%
Magic:  4/4        EV: 12    Int: 14    God:
Gold:   0          SH:  0    Dex: 17    Spells: 1/1 levels left

rFire    . . .     SeeInvis .   a - +0 falchion
rCold    . . .     Faith    .   (no shield)
rNeg     . . .     Spirit   .   b - +0 leather armour
rPois    .         Reflect  .   (no helmet)
rElec    .         Harm     .   (no cloak)
rCorr    .         Rampage  .   (no gloves)
MR       .....                  (no boots)
Stlth    +++.......             (no amulet)
HPRegen  0.08/turn              (no ring)
MPRegen  0.09/turn              (no ring)

@: no status effects
A: high mp 1
a: no special abilities


You were on level 6 of the Dungeon.
You visited 1 branch of the dungeon, and saw 2 of its levels.

Inventory:

Hand Weapons
 a - a +0 falchion (weapon)
 h - a +0 hunting sling
Armour
 b - a +0 leather armour (worn)
Wands
 g - a wand of digging (3)
Scrolls
 c - a scroll of fog
 d - a scroll of magic mapping
 e - a scroll of fear
Potions
 f - a potion of haste


   Skills:
 + Level 2.8 Fighting
 * Level 2.2 Long Blades
 * Level 2.2 Dodging
 - Level 4.5 Stealth


You had one spell level left.
You didn't know any spells.
Your spell library was empty.

Dungeon Overview and Level Annotations

Branches:
Dungeon (6/15)
 Temple: D:4-7

Annotations:
D:6 Maggie


Innate Abilities, Weirdness & Mutations

You have an increased reservoir of magic. (+10% MP)


Message History

Maggie the Vainglorious comes into view.
She is wielding a +0 halberd.
There is an open door here.
You close the door.
You open the door.
There is an open door here.
A white imp comes into view.
The white imp shouts!
The white imp gestures at you. The puff of frost hits you.
Found a robe.
The white imp gestures at you. The puff of frost hits you!
You are too injured to fight recklessly!
You are too injured to fight recklessly!
You are too injured to fight recklessly!
Unknown command.
The white imp gestures at you. The puff of frost hits you!
Ouch! That really hurt!
You die...

# #.##.##
##.......## #
#....#
##.....## #
####.# ##...##
#.# ##'## #.#
#.# #. #.#
###.###
###.....##
#..@.....#
#...5.....#
#[...........
...........###
###..##..##.#
#.. .... .#
### ##.## # .#


You could see a white imp.

Vanquished Creatures
  An adder (D:6)
  A leopard gecko (D:6)
  2 quokkas (D:6)
4 creatures vanquished.

Notes
Turn   | Place    | Note
-------+----------+-------------------------------------------
     0 | D:5      | MrRokkomies the Demigod Delver began the quest for the Orb.
     0 | D:5      | Reached XP level 1. HP: 18/18 MP: 3/3
     2 | D:5      | Found a basalt altar of Yredelemnul.
    19 | D:6      | Noticed a worker ant
    19 | D:6      | Noticed a worker ant
    19 | D:6      | Noticed an orc wizard
    51 | D:6      | Reached XP level 2. HP: 18/25 MP: 4/4
   278 | D:6      | Noticed Maggie
   296 | D:6      | Killed from afar by a white imp

Illustrated notes

Levels and vault maps discovered:
D:5:      layout_basic, nicolae_overflow_hidden_temple,
          nicolae_gozag_cash_rules_everything_around_me, serial_shops, shop,
          grunt_dithmenos_smoke, uniq_grinder
D:6:      layout_loops_corners, ebering_ghost_disaster_area, uniq_maggie

Skill      XL: |  1 |
---------------+----+-----
Long Blades    | 2 |  2.2
Dodging        | 2 |  2.2
Fighting       | |  2.8
Stealth        | |  4.5

Action                   || total
-------------------------++-------
Melee: Falchion          ||    13
 Stab: Sleeping          ||     2
Armor: Leather armour    ||     5
Dodge: Dodged            ||     4
       Rpst.: Falchion   ||     1

Table legend: (Time is in decaauts)
 A = Elapsed time spent in this place.
 B = Non-inter-level travel time spent in this place.
 C = Inter-level travel time spent in this place.
 D = Time resting spent in this place.
 E = Time spent auto-exploring this place.
 F = Levels seen in this place.
 G = Mean time per level.
                   A        B        C        D        E       F      G
               +--------+--------+--------+--------+--------+-----+--------+
         Total |    298 |    298 |      0 |      0 |    217 |   2 |  149.0 |
       Dungeon |    298 |    298 |      0 |      0 |    217 |   2 |  149.0 |
               +--------+--------+--------+--------+--------+-----+--------+

Top non-repeatable levels by time:
     D:6: 291 daAuts
     D:5: 7 daAuts
